[ AOE2 MATCH · #505642037 ]
UnrankedKhmer vs Portuguese
Player's team · WIN
Rival team · LOSS
[ REPLAY ANALYSIS · EXTRACTED FROM THE RECORDED GAME ]
Feudal
8:03
Castle
21:20
Imperial
—
| APM avg | 71.1 |
| APM peak | 97 |
| eAPM avg | 24.0 |
| Villagers / military | 45 / 18 |
Focus
⚔️ 42.0% · 🌾 58.0%
Scout Cavalry ×10 · Skirmisher ×7 · Archer ×1
Feudal
8:49
Castle
—
Imperial
—
| APM avg | 52.4 |
| APM peak | 97 |
| eAPM avg | 20.1 |
| Villagers / military | 59 / 21 |
Focus
⚔️ 25.1% · 🌾 74.9%
Scout Cavalry ×16 · Spearman ×5
Match map
Initial resources + every placement click. Lines = walls · curves = elevation contours. ◆ gold · ⬟ stone · ● berries · ✦ relic · ◌ wall gap
Your base· Open — unwalled flank
Eray_'s base· Open — unwalled flank
Smoothed initial terrain · ◌ = detected wall gap · hover for details
Inputs per minute
— CNZS_Donghaidi - - Eray_
Build order — CNZS_Donghaidi
121 actions detected in the replay
| 0:00 | Queue | Villager (Male) |
| 0:00 | Queue | Villager (Male) |
| 0:01 | Queue | Villager (Male) |
| 0:01 | Queue | Villager (Male) |
| 0:02 | Build | House |
| 0:02 | Build | House |
| 1:35 | Queue | Villager (Male) |
| 1:36 | Queue | Villager (Male) |
| 2:01 | Queue | Villager (Male) |
| 2:10 | Queue | Villager (Male) |
| 2:11 | Queue | Villager (Male) |
| 2:23 | Build | Lumber Camp |
| 2:40 | Queue | Villager (Male) |
| 3:01 | Queue | Villager (Male) |
| 3:34 | Queue | Villager (Male) |
| 3:35 | Queue | Villager (Male) |
| 3:36 | Queue | Villager (Male) |
| 4:01 | Build | House |
| 4:30 | Queue | Villager (Male) |
| 4:33 | Queue | Villager (Male) |
| 4:51 | Queue | Villager (Male) |
| 5:53 | Research | Feudal Age |
| 6:42 | Build | Mill |
| 6:53 | Build | House |
| 7:11 | Queue | Villager (Male) |
| 8:03 | Age | Feudal Age |
| 8:04 | Build | Stable |
| 8:12 | Research | Double-Bit Axe |
| 8:15 | Queue | Villager (Male) |
| 8:22 | Queue | Villager (Male) |
| 8:45 | Build | House |
| 8:49 | Queue | Scout Cavalry |
| 8:51 | Build | Farm |
| 9:03 | Queue | Villager (Male) |
| 9:04 | Build | House |
| 9:11 | Research | Loom |
| 9:12 | Queue | Scout Cavalry |
| 9:25 | Build | House |
| 9:32 | Queue | Villager (Male) |
| 9:35 | Queue | Scout Cavalry |
| 9:50 | Queue | Villager (Male) |
| 9:52 | Build | Farm |
| 10:13 | Queue | Villager (Male) |
| 10:16 | Build | Archery Range |
| 10:35 | Build | Farm |
| 10:38 | Queue | Villager (Male) |
| 10:50 | Build | Farm |
| 11:13 | Queue | Villager (Male) |
| 11:21 | Build | House |
| 11:25 | Queue | Archer |
| 11:34 | Build | Watch Tower |
| 11:50 | Queue | Villager (Male) |
| 11:52 | Build | Farm |
| 11:52 | Build | Farm |
| 11:52 | Build | Farm |
| 12:20 | Queue | Villager (Male) |
| 12:31 | Build | Lumber Camp |
| 12:36 | Queue | Villager (Male) |
| 12:44 | Queue | Skirmisher |
| 12:44 | Queue | Skirmisher |
| 13:05 | Queue | Villager (Male) |
| 13:05 | Queue | Villager (Male) |
| 13:27 | Queue | Villager (Male) |
| 13:31 | Build | Lumber Camp |
| 13:47 | Queue | Villager (Male) |
| 13:49 | Queue | Skirmisher |
| 13:57 | Build | Farm |
| 14:06 | Build | House |
| 14:12 | Build | Farm |
| 14:14 | Queue | Villager (Male) |
| 14:16 | Queue | Skirmisher |
| 14:29 | Queue | Skirmisher |
| 14:32 | Queue | Villager (Male) |
| 14:50 | Queue | Villager (Male) |
| 14:51 | Build | Farm |
| 14:59 | Queue | Skirmisher |
| 15:01 | Build | Farm |
| 15:06 | Queue | Scout Cavalry |
| 15:18 | Build | Farm |
| 15:19 | Queue | Villager (Male) |
| 15:22 | Queue | Skirmisher |
| 15:28 | Build | Farm |
| 15:43 | Build | House |
| 15:44 | Build | House |
| 15:46 | Build | House |
| 16:00 | Build | House |
| 16:17 | Queue | Villager (Male) |
| 16:20 | Queue | Scout Cavalry |
| 16:33 | Build | Mining Camp |
| 16:34 | Queue | Villager (Male) |
| 16:44 | Build | House |
| 16:45 | Build | House |
| 16:54 | Queue | Scout Cavalry |
| 17:01 | Queue | Villager (Male) |
| 17:16 | Queue | Villager (Male) |
| 17:39 | Queue | Villager (Male) |
| 17:57 | Build | Farm |
| 18:03 | Build | Mining Camp |
| 18:06 | Queue | Villager (Male) |
| 18:09 | Queue | Scout Cavalry |
| 18:40 | Research | Castle Age |
| 19:03 | Build | Farm |
| 19:23 | Queue | Scout Cavalry |
| 19:27 | Queue | Villager (Male) |
| 19:30 | Build | Blacksmith |
| 19:37 | Build | Farm |
| 19:37 | Build | Farm |
| 19:53 | Queue | Scout Cavalry |
| 20:02 | Research | Horse Collar |
| 20:09 | Build | Farm |
| 20:16 | Build | Stable |
| 20:23 | Research | Bloodlines |
| 20:23 | Research | Bloodlines |
| 20:43 | Build | Farm |
| 20:44 | Build | Farm |
| 20:50 | Queue | Scout Cavalry |
| 21:04 | Build | Farm |
| 21:20 | Build | Farm |
| 21:20 | Age | Castle Age |
| 21:25 | Research | Light Cavalry (upgrade) |
| 21:26 | Queue | Villager (Male) |
Build order — Eray_
145 actions detected in the replay
| 0:00 | Queue | Villager (Male) |
| 0:00 | Queue | Villager (Male) |
| 0:02 | Build | House |
| 0:04 | Build | House |
| 0:11 | Queue | Villager (Male) |
| 0:11 | Queue | Villager (Male) |
| 1:23 | Queue | Villager (Male) |
| 1:24 | Queue | Villager (Male) |
| 1:24 | Queue | Villager (Male) |
| 1:56 | Build | Lumber Camp |
| 1:59 | Queue | Villager (Male) |
| 1:59 | Queue | Villager (Male) |
| 1:59 | Queue | Villager (Male) |
| 2:20 | Queue | Villager (Male) |
| 2:20 | Queue | Villager (Male) |
| 2:47 | Queue | Villager (Male) |
| 3:09 | Queue | Villager (Male) |
| 3:09 | Queue | Villager (Male) |
| 3:09 | Queue | Villager (Male) |
| 3:33 | Build | House |
| 4:05 | Queue | Villager (Male) |
| 4:05 | Queue | Villager (Male) |
| 4:07 | Build | House |
| 4:32 | Queue | Villager (Male) |
| 4:32 | Queue | Villager (Male) |
| 5:04 | Queue | Villager (Male) |
| 5:05 | Queue | Villager (Male) |
| 5:30 | Build | Barracks |
| 5:38 | Queue | Villager (Male) |
| 6:12 | Research | Loom |
| 6:12 | Research | Loom |
| 6:12 | Research | Loom |
| 6:39 | Research | Feudal Age |
| 7:55 | Build | Barracks |
| 8:18 | Build | Palisade Wall |
| 8:23 | Build | Palisade Wall |
| 8:26 | Build | Palisade Wall |
| 8:44 | Queue | Villager (Male) |
| 8:49 | Age | Feudal Age |
| 8:50 | Queue | Spearman |
| 8:53 | Research | Double-Bit Axe |
| 8:53 | Research | Double-Bit Axe |
| 8:56 | Queue | Spearman |
| 9:02 | Queue | Spearman |
| 9:19 | Queue | Spearman |
| 9:31 | Build | House |
| 9:40 | Queue | Villager (Male) |
| 9:40 | Queue | Villager (Male) |
| 10:06 | Build | Watch Tower |
| 10:09 | Queue | Villager (Male) |
| 10:32 | Build | Mill |
| 10:57 | Queue | Villager (Male) |
| 10:57 | Queue | Villager (Male) |
| 10:57 | Queue | Villager (Male) |
| 10:58 | Build | Farm |
| 11:04 | Build | Farm |
| 11:14 | Build | Palisade Wall |
| 11:14 | Build | Palisade Wall |
| 11:15 | Build | Palisade Wall |
| 11:45 | Queue | Villager (Male) |
| 12:15 | Queue | Villager (Male) |
| 12:18 | Build | Farm |
| 12:34 | Build | Mining Camp |
| 12:35 | Queue | Spearman |
| 12:44 | Build | Farm |
| 12:51 | Build | Market |
| 12:52 | Queue | Villager (Male) |
| 12:53 | Queue | Villager (Male) |
| 12:53 | Queue | Villager (Male) |
| 13:20 | Queue | Villager (Male) |
| 13:20 | Queue | Villager (Male) |
| 13:20 | Queue | Villager (Male) |
| 13:24 | Build | Farm |
| 13:39 | Queue | Villager (Male) |
| 13:46 | Build | Stable |
| 13:48 | Build | Farm |
| 14:09 | Build | Watch Tower |
| 14:10 | Queue | Villager (Male) |
| 14:40 | Queue | Scout Cavalry |
| 14:40 | Queue | Scout Cavalry |
| 14:40 | Queue | Scout Cavalry |
| 14:45 | Queue | Villager (Male) |
| 14:46 | Build | Farm |
| 14:50 | Build | Farm |
| 14:57 | Build | Farm |
| 15:05 | Queue | Villager (Male) |
| 15:05 | Queue | Villager (Male) |
| 15:05 | Queue | Villager (Male) |
| 15:15 | Build | Farm |
| 15:16 | Build | Farm |
| 15:22 | Build | Farm |
| 15:25 | Build | Farm |
| 15:41 | Queue | Scout Cavalry |
| 15:41 | Queue | Scout Cavalry |
| 15:45 | Build | House |
| 15:56 | Build | House |
| 15:58 | Queue | Villager (Male) |
| 15:58 | Queue | Villager (Male) |
| 15:59 | Queue | Villager (Male) |
| 16:01 | Build | House |
| 16:06 | Build | Farm |
| 16:08 | Build | Farm |
| 16:26 | Queue | Scout Cavalry |
| 16:26 | Queue | Scout Cavalry |
| 16:26 | Queue | Scout Cavalry |
| 16:36 | Build | Farm |
| 16:36 | Queue | Villager (Male) |
| 16:37 | Queue | Villager (Male) |
| 16:48 | Build | Watch Tower |
| 17:03 | Queue | Scout Cavalry |
| 17:03 | Queue | Scout Cavalry |
| 17:08 | Queue | Villager (Male) |
| 17:08 | Queue | Villager (Male) |
| 17:26 | Queue | Villager (Male) |
| 17:31 | Queue | Villager (Male) |
| 17:40 | Build | Farm |
| 17:45 | Build | House |
| 17:47 | Build | House |
| 18:03 | Build | Farm |
| 18:06 | Build | Farm |
| 18:09 | Build | Farm |
| 18:14 | Queue | Scout Cavalry |
| 18:31 | Build | Watch Tower |
| 18:43 | Queue | Villager (Male) |
| 19:04 | Build | Stone Wall |
| 19:06 | Build | Stone Wall |
| 19:07 | Build | Stone Wall |
| 19:53 | Queue | Villager (Male) |
| 19:54 | Queue | Scout Cavalry |
| 19:54 | Queue | Scout Cavalry |
| 20:09 | Queue | Villager (Male) |
| 20:13 | Build | Mining Camp |
| 20:15 | Queue | Scout Cavalry |
| 20:21 | Build | Stable |
| 20:38 | Build | House |
| 20:42 | Queue | Villager (Male) |
| 20:44 | Queue | Scout Cavalry |
| 20:51 | Build | Palisade Wall |
| 20:55 | Build | Palisade Wall |
| 20:56 | Build | Palisade Wall |
| 20:59 | Build | Palisade Wall |
| 21:00 | Queue | Villager (Male) |
| 21:08 | Queue | Scout Cavalry |
| 21:10 | Build | Blacksmith |
| 21:12 | Queue | Villager (Male) |
Match timeline
| 5:30 | Eray_ · first_building Barracks |
| 8:03 | CNZS_Donghaidi · age_up feudal |
| 8:04 | CNZS_Donghaidi · first_building Stable |
| 8:18 | Eray_ · wall_segment Palisade Wall x3 |
| 8:23 | Eray_ · wall_segment Palisade Wall x5 |
| 8:26 | Eray_ · wall_segment Palisade Wall x7 |
| 8:49 | Eray_ · age_up feudal |
| 10:16 | CNZS_Donghaidi · first_building Archery Range |
| 11:14 | Eray_ · wall_segment Palisade Wall x1 |
| 11:14 | Eray_ · wall_segment Palisade Wall x1 |
| 11:15 | Eray_ · wall_segment Palisade Wall x1 |
| 13:46 | Eray_ · first_building Stable |
| 19:04 | Eray_ · wall_segment Stone Wall x1 |
| 19:06 | Eray_ · wall_segment Stone Wall x1 |
| 19:07 | Eray_ · wall_segment Stone Wall x1 |
| 20:51 | Eray_ · wall_segment Palisade Wall x1 |
| 20:55 | Eray_ · wall_segment Palisade Wall x1 |
| 20:56 | Eray_ · wall_segment Palisade Wall x1 |
| 20:59 | Eray_ · wall_segment Palisade Wall x1 |
| 21:20 | CNZS_Donghaidi · age_up castle |
| 21:26 | Eray_ · resign |
[ AI ANALYSIS · 1 CREDIT ]
What really happened in this match?
Wolo.gg analyzes every decision: build order, eco, micro, common mistakes by bracket. Personalized analysis on WhatsApp or Discord in 30 seconds.
Civ guide
Khmer
Perfil
DongHaiDi